Map: Cyber Forest LE

Players

Smileblind - Winner!

  • Race: Protoss Protoss
  • League: Silver
  • Spawn Location: 5:00

VOD

Have the link to the VOD?

Description

Time

  • Played on: Feb. 7, 2019, 4:51 a.m.
  • Length: 14:35
Show
View Real Time Build Order
Export as new Build Order

Smileblind Protoss - Winner!

Build Orders:  

Get SALT Encoding   

  12  0:05  Probe (Chrono Boost)  
  14  0:22  Probe (Chrono Boost)  
  14  0:30  Pylon  
  14  0:39  Probe (Chrono Boost)  
  15  0:52  Probe (Chrono Boost)  
  16  1:03  Probe (Chrono Boost)  
  17  1:12  Gateway  
  17  1:18  Probe (Chrono Boost)  
  18  1:31  Assimilator  
  18  1:32  Probe (Chrono Boost)  
  18  1:38  Assimilator  
  19  1:43  Probe (Chrono Boost)  
  20  1:55  Probe (Chrono Boost)  
  21  2:00  Gateway  
  22  2:12  Probe (Chrono Boost)  
  22  2:21  Cybernetics Core  
  22  2:29  Probe (Chrono Boost)  
  23  2:35  Pylon  
  23  2:46  Pylon  
  23  2:57  Gateway  
  27  3:30  Gateway  
  27  3:56  Unknown x2  
  33  4:25  Warp Gate  
  33  4:38  Nexus, Unknown  
  33  4:39  Unknown  
  33  4:45  Stalker  
  33  4:47  Unknown  
  35  4:56  Stalker  
  37  5:07  Stalker  
  39  5:21  Pylon  
  39  5:32  Pylon  
  39  5:43  Probe (Chrono Boost)  
  40  5:54  Probe (Chrono Boost)  
  40  5:55  Pylon  
  41  6:03  Stalker  
  41  6:09  Probe (Chrono Boost)  
  44  6:12  Stalker  
  44  6:19  Probe (Chrono Boost)  
  46  6:26  Probe (Chrono Boost)  
  48  6:31  Probe (Chrono Boost)  
  48  6:39  Stalker  
  51  6:43  Probe (Chrono Boost)  
  52  6:54  Probe (Chrono Boost)  
  52  6:56  Probe (Chrono Boost)  
  54  7:06  Probe (Chrono Boost)  
  55  7:13  Assimilator, Probe (Chrono Boost)  
  55  7:16  Assimilator  
  55  7:18  Probe (Chrono Boost)  
  56  7:29  Probe (Chrono Boost)  
  58  7:30  Stalker, Probe (Chrono Boost)  
  58  7:36  Stalker  
  63  7:41  Probe (Chrono Boost)  
  64  7:52  Probe (Chrono Boost), Forge  
  65  8:04  Probe (Chrono Boost)  
  57  8:20  Probe (Chrono Boost)  
  57  8:26  Probe (Chrono Boost)  
  57  8:29  Shield Battery  
  54  8:32  Stalker  
  54  8:33  Stalker  
  54  8:37  Probe (Chrono Boost)  
  54  8:39  Stalker  
  59  8:42  Shield Battery  
  59  8:43  Probe (Chrono Boost)  
  59  8:46  Adept  
  62  8:54  Probe (Chrono Boost)  
  64  9:00  Probe (Chrono Boost)  
  64  9:06  Adept  
  64  9:07  Adept  
  69  9:11  Probe (Chrono Boost)  
  69  9:19  Adept  
  71  9:20  Adept  
  71  9:26  Pylon  
  73  9:47  Stalker  
  73  9:48  Stalker, Pylon  
  77  9:51  Stalker  
  77  9:52  Pylon  
  77  9:55  Pylon  
  77  9:59  Pylon  
  79  10:02  Pylon  
  79  10:13  Zealot  
  81  10:20  Zealot  
  81  10:24  Zealot  
  81  10:27  Zealot  
  87  10:37  Protoss Ground Weapons Level 1  
  87  10:44  Gateway  
  87  10:45  Gateway  
  87  10:48  Gateway  
  87  10:52  Gateway  
  87  10:58  Stalker x2  
  87  10:59  Stalker  
  93  11:00  Unknown  
  93  11:06  Stalker  
  95  11:19  Unknown  
  57  12:17  Stalker  
  57  12:18  Stalker x2  
  57  12:19  Stalker x4  
  71  12:20  Stalker  
  73  12:51  Stalker  
  73  12:52  Stalker x2  
  73  12:53  Stalker x2  
  73  12:54  Stalker x3  
  85  14:28  Stalker x3  
  85  14:29  Stalker x3  
Tags
 
Add a new tag
Caveats
  • Supply blocks, unpowered buildings, or Contaminate may cause inaccurate times.
  • Supply counts are checked every 10 seconds.